 Dungeon Crawl Stone Soup version 0.31-a0-675-g238779eb0a (webtiles) character file.

Game seed: 10285462855501485316

39 Xavori the Trooper (level 3, 0/20 (23) HPs)
             Began as an Octopode Chaos Knight on Sept 5, 2023.
             Was a Plaything of Xom.
             Succumbed to an adder's poison
             ... on level 2 of the Dungeon.
             The game lasted 00:02:31 (10447 turns).

Xavori the Trooper (Octopode Chaos Knight)         Turns: 10447, Time: 00:02:31

HP:   0/20 (23)     AC:  1    Str: 11    XL:     3   Next: 47%
MP:   2/2           EV: 13    Int: 14    God:    Xom [.....*]
Gold: 54            SH:  0    Dex: 13    Spells: 2/2 levels left

rFire   + . .        a - +0 short sword (chaos)
rCold   . . .        (no shield)
rNeg    . . .        (helmet restricted)
rPois   .            i - amulet of regeneration
rElec   .            (no ring)
rCorr   .            (no ring)
SInv    .            (no ring)
Will    .....        (no ring)
Stlth   +++          (no ring)
HPRegen 1.03/turn    (no ring)
MPRegen 0.08/turn    (no ring)
                     (no ring)

%: no passive effects
@: lethally poisoned (0 -> -18), heavily drained
A: almost no armour, amphibious, 8 rings, camouflage 1, gelatinous body 1,
(nimble swimmer 1), tentacles, antennae 1, fire resistance 1, frail 1, low MP 2,
mutation resistance 2, inability to read after injury 1
a: Renounce Religion


You were on level 2 of the Dungeon.
You worshipped Xom.
You were Xom's teddy bear.
You visited 1 branch of the dungeon, and saw 2 of its levels.

You collected 54 gold pieces.

Inventory:

Hand Weapons
 a - a +0 short sword of chaos (weapon)
Jewellery
 i - an amulet of regeneration (around mantle)
Scrolls
 b - a scroll of butterflies
 d - a scroll of blinking {unknown}
 f - a scroll of amnesia {unknown}
 g - a scroll of identify {unknown}
 h - a scroll of enchant weapon {unknown}
Potions
 c - a potion of mutation
 e - a potion of lignification {unknown}


   Skills:
 + Level 3.6 Fighting
 + Level 3.4 Short Blades
 + Level 2.6 Dodging
 + Level 1.4 Stealth


You had 2 spell levels left.
You didn't know any spells.
Your spell library was empty.

Dungeon Overview and Level Annotations

Branches:
Dungeon (2/15)

Altars:
Xom

Shops:
D:1 =


Innate Abilities, Weirdness & Mutations

You cannot wear most types of armour.
You are amphibious.
You can wear up to eight rings at the same time.
Your skin changes colour to match your surroundings (Stealth+).
Your rubbery body absorbs attacks. (AC +1, EV +1)
((You are camouflaged when in or above water. (Stealth+)))
You have tentacles for arms and can constrict up to eight enemies at once.
You have a pair of small antennae on your head.
Your flesh is heat resistant. (rF+)
You are frail. (-10% HP)
Your magical capacity is very low. (-20% MP)
You are somewhat resistant to both further mutation and mutation removal.
You occasionally lose the ability to read scrolls when taking damage.


Message History

You squeeze the giant cockroach, but do no damage.
You constrict the giant cockroach. The giant cockroach barely misses you.
You hit the giant cockroach but do no damage.
The giant cockroach is moderately wounded.
You constrict the giant cockroach. You hit the giant cockroach.
You kill the giant cockroach!
No target in view!
You now have 54 gold pieces (gained 8).
You see here 4 poisoned darts.
An adder comes into view.
An adder is nearby!
An adder is nearby!
An adder is nearby!
The adder bites you.
You closely miss the adder. You grab the adder. You squeeze the adder.
The adder is moderately wounded.
You constrict the adder. The adder closely misses you.
You barely miss the adder.
The adder is heavily wounded.
You constrict the adder, but do no damage.
You hear Xom's maniacal laughter.
The adder bites you.
You hit the adder.
You feel better.
The adder is severely wounded.
You constrict the adder. The adder bites you.
You release your grip on the adder.
The adder bites you. The orange demon stings you from afar!
You are lethally poisoned!
The orange demon poisons you! The adder attacks as it pursues you!
The adder bites you.
* * * LOW HITPOINT WARNING * * *
You are more poisoned.
The adder poisons you!
Okay, then.
It was a potion of mutation.
You feel extremely strange.
You feel slightly disoriented.
Xom is mildly amused.
You die...
Xom is highly amused!

#.##......##..#.##.#
#.##......##..#.##.#
*
#..................#
*
####.....###.....###
* #.....# #####.#
####### #.# ####*
#.# , * * #...###.#
#@##5# * ,
*,*####S#.# ,
#....4.# ,
.....###.## .###*
*#.# , * *.## ,* *.#
, ,# ~ *


You could see an orange demon (summoned) and an adder.

Vanquished Creatures
  2 adders (D:2)
  A dart slug (D:1)
  3 bats (D:1)
  3 endoplasms (D:1)
  A giant cockroach (D:2)
  A goblin (D:1)
  3 hobgoblins (D:1)
  3 frilled lizards
  A kobold (D:1)
  2 rats (D:1)
20 creatures vanquished.

Notes
Turn   | Place    | Note
-------+----------+-------------------------------------------
     0 | D:1      | Xavori the Octopode Chaos Knight began the quest for the
                  | Orb.
     0 | D:1      | Reached XP level 1. HP: 16/16 MP: 1/1
    63 | D:1      | XOM: noise
   114 | D:1      | Reached XP level 2. HP: 21/21 MP: 2/2
   273 | D:1      | Found Weon's Jewellery Shop.
   350 | D:1      | XOM: silly message
   436 | D:1      | XOM: smoke on damage
   690 | D:1      | XOM: silly message
  1325 | D:2      | Reached XP level 3. HP: 16/26 MP: 3/3
  1487 | D:1      | XOM: scenery: summon butterflies
  1981 | D:1      | XOM: give mutations
  1981 | D:1      | Gained mutation: Your magical capacity is low. (-10% MP)
                  | [Xom's mischief]
  1981 | D:1      | Gained mutation: You occasionally shout uncontrollably at
                  | your foes. [Xom's mischief]
  1981 | D:1      | Gained mutation: You are somewhat resistant to further
                  | mutation. [Xom's mischief]
  2668 | D:1      | XOM: give mutations
  2668 | D:1      | Gained mutation: You are frail. (-10% HP) [Xom's mischief]
  2668 | D:1      | Gained mutation: Your magical capacity is very low. (-20%
                  | MP) [Xom's mischief]
  3893 | D:1      | XOM is BORED!
  4293 | D:1      | XOM: draining
  5359 | D:1      | XOM: summons 2 hostile demons
  5785 | D:1      | XOM: give mutations
  5785 | D:1      | Lost mutation: You occasionally shout uncontrollably at
                  | your foes. [Xom's mischief]
  5785 | D:1      | Gained mutation: You occasionally lose the ability to read
                  | scrolls when taking damage. [Xom's mischief]
  5785 | D:1      | Gained mutation: You passively map a small area around you.
                  | [Xom's mischief]
  6705 | D:1      | XOM: silly message
  7136 | D:1      | XOM is BORED!
  7248 | D:1      | XOM: cloud trail
  7965 | D:1      | XOM: scenery: create altars
  8692 | D:1      | XOM: scenery: summon butterflies
  8706 | D:1      | XOM: scenery: summon butterflies
  8929 | D:1      | XOM: 3-stop teleportation journey
  9349 | D:1      | XOM: give mutations
  9349 | D:1      | Gained mutation: Your flesh is heat resistant. (rF+) [Xom's
                  | grace]
  9349 | D:1      | Gained mutation: You have a pair of small antennae on your
                  | head. [Xom's grace]
  9349 | D:1      | Gained mutation: You are somewhat resistant to both further
                  | mutation and mutation removal. [Xom's grace]
 10268 | D:1      | XOM: god gift: 3 stones
 10321 | D:2      | Reached skill level 1 in Stealth
 10443 | D:2      | XOM: summons 2 hostile demons
 10444 | D:2      | Noticed an orange demon
 10447 | D:2      | Lost mutation: You passively map a small area around you.
                  | [potion of mutation]
 10447 | D:2      | Succumbed to an adder's poison

Illustrated notes

Levels and vault maps discovered:
D:1:      co_arrival_square_in_a_square_in_a_square, layout_basic, serial_shops,
          shop
D:2:      layout_loops_cross, serial_shops, shop,
          chequers_serial_rivers_micro_c, chequers_serial_rivers_micro_e

Skill      XL: |  1  2  3 |
---------------+----------+-----
Stealth        | 1 |  1.4
Fighting       | |  3.6
Short Blades   | |  3.4
Dodging        | |  2.6

Action                     || total
---------------------------++-------
  Melee: Short sword       ||    54
         Tentacles         ||     7
         Constrict         ||    13
         Punch             ||     1
    Use: Potion            ||     1
   Stab: Sleeping          ||     4
 Armour: Skin              ||    28
  Dodge: Dodged            ||    33

Table legend: (Time is in decaauts)
 A = Elapsed time spent in this place.
 B = Non-inter-level travel time spent in this place.
 C = Inter-level travel time spent in this place.
 D = Time resting spent in this place.
 E = Time spent auto-exploring this place.
 F = Levels seen in this place.
 G = Mean time per level.
                   A        B        C        D        E       F      G
               +--------+--------+--------+--------+--------+-----+--------+
         Total |  10442 |  10357 |     85 |   9186 |   1009 |   2 | 5221.0 |
       Dungeon |  10442 |  10357 |     85 |   9186 |   1009 |   2 | 5221.0 |
               +--------+--------+--------+--------+--------+-----+--------+

Top non-repeatable levels by time:
     D:1: 10095 daAuts
     D:2: 347 daAuts
